 Dungeon Crawl Stone Soup version 0.22.1-5-g62c59d9 (webtiles) character file.

143 Tr0llz0r the Chopper (level 5, -3/39 HPs)
             Began as a Demonspawn Gladiator on Jan 10, 2019.
             Killed by nerve-wracking pain
             ... invoked by Grinder
              (9 damage)
             ... on level 3 of the Dungeon.
             The game lasted 00:07:07 (2794 turns).

Tr0llz0r the Chopper (Demonspawn Gladiator)         Turns: 2794, Time: 00:07:08

Health: -3/39      AC:  4    Str: 16    XL:     5   Next: 4%
Magic:  5/5        EV: 13    Int:  9    God:
Gold:   172        SH:  4    Dex: 14    Spells: 4/4 levels left

rFire    . . .     SeeInvis .   a - +1 war axe
rCold    . . .     Gourm    +   (no shield)
rNeg     . . .     Faith    .   b - +0 leather armour
rPois    .         Spirit   .   c - +0 helmet
rElec    .         Reflect  .   (no cloak)
rCorr    .         Harm     .   (no gloves)
MR       .....                  (no boots)
Stlth    +.........             m - amulet of the gourmand
HPRegen  0.13/turn              (no ring)
MPRegen  0.09/turn              (no ring)

@: no status effects
A: large bone plates 1, powered by pain 1
a: no special abilities


You were on level 3 of the Dungeon.
You were not hungry.

You visited 1 branch of the dungeon, and saw 3 of its levels.

You collected 172 gold pieces.

Inventory:

Hand Weapons
 a - a +1 war axe (weapon)
Missiles
 d - 3 throwing nets (quivered)
 e - 14 arrows
 h - 7 javelins
 j - 57 stones
Armour
 b - a +0 leather armour (worn)
 c - a +0 helmet (worn)
Jewellery
 i - a cursed amulet of harm
 m - an amulet of the gourmand (around neck)
Scrolls
 g - 2 scrolls of identify
 k - 2 scrolls of remove curse
 l - a scroll of fear
Potions
 n - a potion of agility
 o - 2 potions of heal wounds
 p - a potion of curing
Comestibles
 f - 3 rations


   Skills:
 + Level 2.6 Fighting
 + Level 4.1 Axes
 + Level 2.0 Throwing
 + Level 1.3 Armour
 + Level 3.2 Dodging
 + Level 0.2 Stealth


You had 4 spell levels left.
You didn't know any spells.
Your spell library contained the following spells:

 Spells                   Type           Power        Failure   Level  Hunger
 Animate Skeleton         Necr           N/A          45%         1    ##.....
 Apportation              Tloc           #.....       45%         1    ##.....
 Confusing Touch          Hex            #.....       45%         1    ##.....
 Summon Small Mammal      Summ           #...         45%         1    ##.....


Dungeon Overview and Level Annotations

Branches:
Dungeon (3/15)

Altars:
Dithmenos
Zin

Annotations:
D:3 Grinder


Innate Abilities, Weirdness & Mutations

You are partially covered in large bone plates. (SH +4)
You sometimes gain a little power by taking damage.


Message History

A hobgoblin comes into view.
You completely miss Grinder.
Grinder is moderately wounded.
Grinder completely misses you. Grinder hits you.
You writhe in agony.
* * * LOW HITPOINT WARNING * * *
You hit Grinder.
Grinder is heavily wounded.
Grinder gestures at you.
You barely resist. You barely miss Grinder.
Grinder is heavily wounded.
Grinder says, "Are you a fish?" Grinder gestures at you.
Pain shoots through your body!
* * * LOW HITPOINT WARNING * * *
You hit Grinder.
Grinder is heavily wounded.
Grinder gestures at you. Pain shoots through your body!
You die...

##...####..# #######.##
#.#....#.# .. ##.........
#.####...##.. ........###
#.. ##...#.# #(........#
##.###......# #.........##
#.....†##.## #).......... .
#..##.†# .# ...........#
#..#.##<###.## ..........##
##.......5@.:#.#...........
.......>.......#.........#.
.#.#.....................#.
# #..$......g...........##
#.......................
...........#..........#..
..............###.....##..
##...................>..)..
#.....#....#.....#######.#


You could see Grinder and a hobgoblin.

Vanquished Creatures
  7 adders
  4 worms (D:2)
  5 dart slugs
  A leopard gecko (D:2)
  An orc (D:3)
  4 giant cockroaches
  7 goblins
  7 hobgoblins
  4 jackals (D:1)
  8 bats
  5 frilled lizards
  5 kobolds
  3 rats
61 creatures vanquished.

Notes
Turn   | Place    | Note
-------+----------+-------------------------------------------
     0 | D:1      | Tr0llz0r the Demonspawn Gladiator began the quest for the
                  | Orb.
     0 | D:1      | Reached XP level 1. HP: 16/16 MP: 1/1
   179 | D:1      | Reached skill level 3 in Axes
   296 | D:1      | Gained mutation: You are partially covered in large bone
                  | plates. (SH +4) [demonic ancestry]
   296 | D:1      | Reached XP level 2. HP: 22/22 MP: 2/2
   612 | D:2      | Reached XP level 3. HP: 18/27 MP: 3/3
  1272 | D:2      | Reached XP level 4. HP: 21/34 MP: 4/4
  1517 | D:2      | Found a shadowy altar of Dithmenos.
  1888 | D:2      | Found a glowing silver altar of Zin.
  1995 | D:2      | Reached skill level 1 in Armour
  2594 | D:3      | Reached skill level 4 in Axes
  2775 | D:3      | Noticed Grinder
  2777 | D:3      | Gained mutation: You sometimes gain a little power by
                  | taking damage. [demonic ancestry]
  2777 | D:3      | Reached XP level 5. HP: 39/39 MP: 5/5
  2794 | D:3      | Killed from afar by Grinder

Skill      XL: |  1  2  3  4 |
---------------+-------------+-----
Axes           | 3 4 |  4.1
Throwing       | 2 |  2.0
Dodging        | 3 |  3.2
Armour         | 1 |  1.3
Fighting       | |  2.6
Stealth        | |  0.2

Action                   |  1- 3 |  4- 6 || total
-------------------------+-------+-------++-------
Melee: War axe           |    97 |    94 ||   191
  Use: Scroll            |     3 |     1 ||     4
       Potion            |     2 |     2 ||     4
  Eat: Ration            |     1 |     1 ||     2
Armor: Leather armour    |    37 |    17 ||    54
Dodge: Dodged            |    84 |    73 ||   157
Block: Other             |    16 |    16 ||    32
